 Dungeon Crawl Stone Soup version 0.29-a0-845-g6161e89988 (webtiles) character file.

Game seed: 11476827151555409963

198 omnesmortales the Chopper (level 5, -6/47 HPs)
             Began as a Hill Orc Berserker on July 16, 2022.
             Was a Believer of Trog.
             Mangled by an ogre
             ... wielding a +0 giant spiked club
              (18 damage)
             ... on level 4 of the Dungeon.
             The game lasted 00:17:04 (4061 turns).

omnesmortales the Chopper (Hill Orc Berserker)      Turns: 4061, Time: 00:17:04

Health: -6/47      AC: 17    Str: 28    XL:     5   Next: 77%
Magic:  5/5        EV:  9    Int:  7    God:    Trog [**....]
Gold:   224        SH:  0    Dex: 10    Spells: 4/4 levels left

rFire   . . .      SeeInvis .   w - +1 mace (protect)
rCold   . . .      Faith    .   (no shield)
rNeg    . . .      Spirit   .   j - +0 chain mail
rPois   .          Reflect  .   (no helmet)
rElec   .          Harm     .   (no cloak)
rCorr   .          Rampage  .   (no gloves)
Will    ++...                   q - +0 pair of boots
Stlth   ..........              (no amulet)
HPRegen 1.15/turn               g - +6 ring of strength
MPRegen 0.09/turn               (no ring)

@: strong-willed, under a protective aura, regenerating
A: no striking features
a: Renounce Religion, Berserk, Trog's Hand


You were on level 4 of the Dungeon.
You worshipped Trog.
Trog was pleased with you.
You visited 1 branch of the dungeon, and saw 4 of its levels.

You collected 224 gold pieces.

Inventory:

Hand Weapons
 a - a +0 hand axe
 w - a +1 mace of protection (weapon)
 z - a +1 mace of venom
Missiles
 p - a throwing net (quivered)
Armour
 j - a +0 chain mail (worn)
 n - a +2 robe of cold resistance
 q - a +0 pair of boots (worn)
Magical Staves
 i - a staff of death
Jewellery
 g - a +6 ring of strength (left hand)
 u - a ring of magical power
Wands
 l - a wand of flame (20)
 v - a wand of light (1)
Scrolls
 d - a scroll of torment {unknown}
 h - 2 scrolls of vulnerability {unknown}
 o - a scroll of poison {unknown}
 r - 3 scrolls of identify {unknown}
 s - a scroll of fog {unknown}
 t - a scroll of blinking {unknown}
 x - 2 scrolls of teleportation {unknown}
 y - a scroll of fear {unknown}
Potions
 b - a potion of invisibility {unknown}
 c - a potion of degeneration {unknown}
 e - 2 potions of curing {unknown}
 f - a potion of lignification {unknown}
 k - a potion of attraction {unknown}
 m - a potion of flight {unknown}


   Skills:
 + Level 4.5 Fighting
 - Level 6.3(6.4) Axes
 * Level 0.7(3.3) Maces & Flails
 + Level 3.2 Armour
 + Level 2.2 Dodging
 + Level 0.3 Stealth


You had 4 spell levels left.
You didn't know any spells.
Your spell library was empty.

Dungeon Overview and Level Annotations

Branches:
Dungeon (4/15)             Temple (0/1) D:4

Altars:


Message History

The endoplasm quivers.
A ball python comes into view.
The ball python hisses angrily.
A scorpion comes into view.
The dart slug bites you but does no damage.
You see here a book of Conjurations.
You completely miss the dart slug. You punch the dart slug.
The dart slug is moderately wounded.
The dart slug launches a dart at you.
The slug dart hits you but does no damage.
You sock the dart slug!
Your weapon exudes an aura of protection.
You kill the dart slug!
Trog accepts your kill. The goblin misses you.
The goblin attacks as you move away! The goblin hits you with a +0 dagger.
The ogre barely misses you. The endoplasm hits you.
The ball python bites you but does no damage.
The ball python grabs you. The ball python constricts you.
You escape the ball python's grasp.
The scorpion stings you but does no damage.
The scorpion stings you.
You barely miss the ball python. The scorpion completely misses you.
The ball python bites you but does no damage.
The ball python completely misses you.
You hit the ball python.
Your weapon exudes an aura of protection.
You kill the ball python!
Trog accepts your kill. The scorpion stings you. x2
You closely miss the ogre. The scorpion stings you.
The ogre hits you with a +0 giant spiked club!!
* * * LOW HITPOINT WARNING * * *
The endoplasm jiggles.
Your skin crawls.
You feel strong-willed.
The scorpion stings you but does no damage.
The ogre hits you with a +0 giant spiked club!!
You die...

......##.##.##........#.. #
............#........#.. .##
#..#.#.#.####..........##...
#......#.###..##...#........
.....###..##..#...!.........
...#...##.#......#..........
...###.........#............
#.###...#........#..:.......
#......##.#..#.#@#..........
#..#...........JOsg.........
#....8.8.8..................
..#...⌠.⌠...................
.....8.>.8..................
#..#..⌠.⌠..............#...#
#....8.8.8.........###.#...#
#..................# .....#
#......#...........# ..##.#


You could see an ogre, a scorpion, an endoplasm and a goblin.

Vanquished Creatures
  Jessica (D:2)
  Terence (D:3)
  Natasha (twice) (D:2)
  2 adders
  A worm (D:2)
  A dart slug (D:4)
  6 orcs (D:3)
  4 ball pythons
  3 bats
  8 endoplasms
  3 giant cockroaches
  8 goblins
  7 hobgoblins
  5 kobolds
  6 quokkas
  3 frilled lizards
  3 rats
  A spectral kobold (D:1)
65 creatures vanquished.

Notes
Turn   | Place    | Note
-------+----------+-------------------------------------------
     0 | D:1      | omnesmortales the Hill Orc Berserker began the quest for
                  | the Orb.
     0 | D:1      | Reached XP level 1. HP: 19/19 MP: 1/1
    89 | D:1      | Reached XP level 2. HP: 18/27 MP: 2/2
   268 | D:1      | Found a faded altar of an unknown god.
   415 | D:1      | You fall into a shaft and drop 1 floor!
   836 | D:1      | Reached XP level 3. HP: 32/33 MP: 3/3
  1843 | D:2      | Noticed Natasha
  1849 | D:2      | Killed Natasha
  1850 | D:2      | Reached skill level 5 in Axes
  1850 | D:2      | Reached XP level 4. HP: 39/40 MP: 4/4
  1888 | D:2      | Noticed Jessica
  1893 | D:2      | Killed Jessica
  1893 | D:2      | Reached ** piety under Trog
  1925 | D:2      | Noticed Natasha
  1935 | D:2      | Killed Natasha
  2188 | D:2      | Reached XP level 5. HP: 42/47 MP: 5/5
  2784 | D:3      | Reached skill level 6 in Axes
  3038 | D:3      | Noticed Terence
  3065 | D:3      | Killed Terence
  3967 | D:4      | Found a staircase to the Ecumenical Temple.
  4046 | D:4      | Noticed an ogre
  4061 | D:4      | Mangled by an ogre

Illustrated notes

Levels and vault maps discovered:
D:1:      erik_arrival_blinker_ship, layout_basic,
          dreamdust_ecumenical_altar_drowned_temple
D:2:      layout_basic, uniq_jessica, uniq_natasha
D:3:      layout_loops_corners, uniq_terence
D:4:      layout_rooms, minmay_temple_entry_statues_fountains

Skill      XL: |  1  2  3  4  5 |
---------------+----------------+-----
Fighting       | 4 |  4.5
Axes           | 5 6 |  6.3
Dodging        | 2 |  2.2
Armour         | 3 |  3.2
Maces & Flails | |  0.7
Stealth        | |  0.3

Action                   |  1- 3 |  4- 6 || total
-------------------------+-------+-------++-------
Melee: Hand axe          |    98 |    97 ||   195
       Punch             |     1 |     2 ||     3
       Mace              |       |    23 ||    23
Invok: Berserk           |       |     1 ||     1
       Trog's Hand       |       |     1 ||     1
  Use: Scroll            |       |     1 ||     1
Armor: Animal skin       |    14 |       ||    14
       Chain mail        |     8 |    51 ||    59
Dodge: Dodged            |    72 |    44 ||   116

Table legend: (Time is in decaauts)
 A = Elapsed time spent in this place.
 B = Non-inter-level travel time spent in this place.
 C = Inter-level travel time spent in this place.
 D = Time resting spent in this place.
 E = Time spent auto-exploring this place.
 F = Levels seen in this place.
 G = Mean time per level.
                   A        B        C        D        E       F      G
               +--------+--------+--------+--------+--------+-----+--------+
         Total |   4105 |   4085 |     20 |    896 |   1983 |   4 | 1026.2 |
       Dungeon |   4105 |   4085 |     20 |    896 |   1983 |   4 | 1026.2 |
               +--------+--------+--------+--------+--------+-----+--------+

Top non-repeatable levels by time:
     D:1: 1502 daAuts
     D:3: 1239 daAuts
     D:2: 1155 daAuts
     D:4: 208 daAuts
